 Dungeon Crawl Stone Soup version 0.30.1-4-g462c640d31 (webtiles) character file.

Game seed: 16268160517068433899

8257 Anriel the Cudgeller (level 11, -36/84 HPs)
             Began as a Human Gladiator on Aug 17, 2023.
             Was a Believer of Nemelex Xobeh.
             Annihilated by an enormous slime creature (51 damage)
             ... on level 11 of the Dungeon.
             The game lasted 01:01:00 (9984 turns).

Anriel the Cudgeller (Human Gladiator)              Turns: 9984, Time: 01:01:01

Health: -36/84     AC: 23    Str: 24    XL:     11   Next: 52%
Magic:  15/15      EV: 11    Int: 10    God:    Nemelex Xobeh [**....]
Gold:   756        SH: 16    Dex: 21    Spells: 10/10 levels left

rFire   + . .        a - +2 flail (freeze)
rCold   . . .        p - +0 kite shield
rNeg    . . .        O - +3 chain mail of Gluttony {rCorr Slay+3 Stlth-}
rPois   .            c - +0 helmet
rElec   .            d - +2 cloak
rCorr   +            F - +0 pair of gloves
SInv    .            v - +3 pair of boots of the Pit {Str+2}
Will    +....        I - amulet of reflection Stlth
                     g - +6 ring of strength
HPRegen 0.34/turn    D - ring "Igebios" {rF+ Will+ Dex+5}
MPRegen 0.14/turn

%: reflection
@: no status effects
A: no striking features
a: Renounce Religion, Draw Escape, Draw Destruction, Draw Summoning


You were on level 11 of the Dungeon.
You worshipped Nemelex Xobeh.
Nemelex Xobeh was pleased with you.
You visited 2 branches of the dungeon, and saw 12 of its levels.
You also visited: Sewer.

You collected 4154 gold pieces.
You spent 3398 gold pieces at shops.

Inventory:

Hand Weapons
 a - a +2 flail of freezing (weapon)
Missiles
 l - a throwing net (quivered)
Armour
 c - a +0 helmet (worn)
 d - a +2 cloak (worn)
 p - a +0 kite shield (worn)
 v - the +3 pair of boots of the Pit (worn) {Str+2}
   (You bought it in a shop on level 2 of the Dungeon)

   Str:       It affects your strength (+2).
 F - a +0 pair of gloves (worn)
 J - a +2 scale mail of fire resistance
 O - the +3 chain mail of Gluttony (worn) {rCorr Slay+3 Stlth-}
   (You found it on level 8 of the Dungeon)

   Slay:      It affects your accuracy & damage with ranged weapons and melee
   (+3).
   rCorr:     It protects you from acid and corrosion.
   Stlth:     It makes you less stealthy.
Jewellery
 f - an amulet of guardian spirit
 g - a +6 ring of strength (left hand)
 A - a ring of magical power
 C - a ring of ice
 D - the ring "Igebios" (right hand) {rF+ Will+ Dex+5}
   (You bought it in a shop on level 4 of the Dungeon)

   [ring of willpower]

   Dex:       It affects your dexterity (+5).
   rF:        It protects you from fire.
   Will:      It increases your willpower.
 E - a +6 ring of dexterity
 I - an amulet of reflection (around neck)
 L - a ring of see invisible
Wands
 j - a wand of quicksilver (3)
 P - a wand of iceblast (6)
 Q - a wand of flame (6)
 S - a wand of charming (6)
Scrolls
 h - 3 scrolls of teleportation
 m - 2 scrolls of blinking
 t - 3 scrolls of fog
 u - 2 scrolls of fear
 w - 2 scrolls of magic mapping
 x - 3 scrolls of immolation
 y - a scroll of amnesia
 K - 2 scrolls of enchant weapon
 M - a scroll of butterflies
 N - 5 scrolls of identify
 T - a scroll of brand weapon
Potions
 b - 9 potions of curing
 e - a potion of berserk rage
 i - 2 potions of lignification
 k - 2 potions of cancellation
 n - 5 potions of mutation
 o - a potion of invisibility
 q - 9 potions of heal wounds
 r - 3 potions of might
 s - 2 potions of magic
 z - 5 potions of haste
 B - 2 potions of ambrosia
 H - a potion of flight
 R - a potion of brilliance


   Skills:
 - Level 7.0 Fighting
 - Level 7.3 Maces & Flails
 + Level 5.3 Throwing
 - Level 7.0 Armour
 + Level 6.5 Dodging
 - Level 5.0 Shields
 + Level 6.6 Invocations
 + Level 5.5 Evocations


You had 10 spell levels left.
You didn't know any spells.
Your spell library contained the following spells:

 Spells                   Type           Power      Damage    Failure   Level
 Summon Small Mammal      Summ           0%         N/A       98%         1
 Poisonous Vapours        Pois/Air       0%         N/A       99%         2
 Call Canine Familiar     Summ           0%         N/A       100%        3
 Mephitic Cloud           Conj/Pois/Air  0%         N/A       100%        3
 Summon Guardian Golem    Hex/Summ       0%         N/A       100%        3
 Freezing Cloud           Conj/Ice/Air   0%         6-21      100%        5


Dungeon Overview and Level Annotations

Branches:
Dungeon (11/15)            Temple (1/1) D:6            Lair (0/5) D:9
    Orc (0/2) D:10          Sewer (visited)

Altars:
Ashenzari
Cheibriados
Dithmenos
Elyvilon
Fedhas
Gozag
Hepliaklqana
Kikubaaqudgha
Makhleb
Nemelex Xobeh
Okawaru
Qazlal
Ru
Sif Muna
Trog
Uskayaw
Vehumet
Wu Jian
Xom
Yredelemnul
Zin
The Shining One

Shops:
D:1 [   D:2 *   D:4 =   D:6 !=(!   D:8 *   D:10 [[

Annotations:
D:4 1 runed translucent door


Message History

HP restored.
The slime creature quivers.
The slime creature quivers.
The slime creature quivers.
You barely miss the slime creature. You block the slime creature's attack.
You sock the slime creature! You freeze the slime creature.
The slime creature is moderately wounded.
The slime creature barely misses you.
The slime creature quivers.
You thump the slime creature! You freeze the slime creature.
The slime creature is heavily wounded.
You block the slime creature's attack.
You hit the slime creature but do no damage.
The slime creature is moderately wounded.
You block the slime creature's attack. x2
Two slime creatures merge to form a large slime creature.
The slime creature hits you!
You hit the slime creature. You freeze the slime creature.
The slime creature is lightly wounded.
You block the slime creature's attack.
You barely miss the slime creature.
The slime creature is lightly wounded.
A large slime creature splits.
The slime creature hits you but does no damage.
You sock the slime creature! You freeze the slime creature.
The slime creature is moderately wounded.
Two slime creatures merge to form a large slime creature.
Two slime creatures merge to form a very large slime creature.
Two slime creatures merge to form an enormous slime creature.
The enormous slime creature attacks as you move away!
You block the enormous slime creature's attack.
The enormous slime creature attacks as you move away!
The enormous slime creature hits you!!!
Ouch! That really hurt!
* * * LOW HITPOINT WARNING * * *
The enormous slime creature attacks as you move away!
The enormous slime creature hits you!!!
Ouch! That really hurt!
You die...
Your body glows with a rainbow of weird colours and disappears.

... .......... #..#
#......... #..#
#......... #..#
#......... #(.#
#.........
######..########.........
.........................
...........<...@..#
#####..########J.# #..#
#..#
#####..########..#####
........................
........................
########################


You could see an enormous slime creature.

Vanquished Creatures
  A two-headed ogre (D:9)
  Pikel (D:4)
  Maurice (D:8)
  Maggie (D:7)
  Psyche (D:9)
  4 trolls
  A hornet (D:9)
  2 slime creatures (D:11)
  Sigmund (D:3)
  3 yaks (D:10)
  Grum (D:8)
  An acid dragon (D:10)
  2 water moccasins
  4 orc warriors
  3 sky beasts (D:7)
  An ice beast (D:6)
  5 wolves
  2 centaurs
  2 kobold brigands
  A phantom (D:6)
  3 bullfrogs
  A gnoll sergeant (D:7)
  5 scorpions
  10 wights (D:7)
  5 killer bees (D:8)
  An electric eel (D:9)
  8 hounds
  A jelly (D:6)
  Crazy Yiuf (D:2)
  4 orc priests
  Natasha (thrice) (D:4)
  4 iguanas
  Ijyb (D:3)
  A sleepcap (D:8)
  6 orc wizards
  11 gnolls
  5 adders
  3 shadow imps
  An ufetubus (D:4)
  3 worms
  2 dart slugs
  40 orcs
  2 endoplasms
  2 giant cockroaches
  7 hobgoblins
  4 jackals
  4 quokkas
  7 ball pythons
  4 bats
  4 frilled lizards
  16 goblins
  A jackal skeleton (D:4)
  10 kobolds
  A kobold skeleton (D:4)
  2 rats
221 creatures vanquished.

Notes
Turn   | Place    | Note
-------+----------+-------------------------------------------
     0 | D:1      | Anriel the Human Gladiator began the quest for the Orb.
     0 | D:1      | Reached XP level 1. HP: 16/16 MP: 1/1
    59 | D:1      | Reached XP level 2. HP: 22/22 MP: 2/2
   109 | D:1      | Reached skill level 1 in Armour
   354 | D:1      | Found Pemmuo's Antique Armour Emporium.
   450 | D:1      | Reached XP level 3. HP: 28/28 MP: 3/3
   605 | D:2      | Found Maonet's Assorted Antiques.
   947 | D:2      | Found a runed translucent door.
   948 | D:2      | Noticed Crazy Yiuf
   960 | D:2      | Killed Crazy Yiuf
   961 | D:2      | Reached XP level 4. HP: 27/34 MP: 4/4
  1465 | D:3      | Found an ancient bone altar of Kikubaaqudgha.
  1534 | D:3      | Reached XP level 5. HP: 13/40 MP: 1/5
  1591 | D:3      | Found a hide-covered altar of Uskayaw.
  1748 | D:3      | Noticed Sigmund
  1769 | D:3      | Killed Sigmund
  1770 | D:3      | Reached XP level 6. HP: 37/47 MP: 3/6
  1875 | D:3      | Noticed Ijyb
  1910 | D:3      | Killed Ijyb
  2131 | D:4      | Found a white marble altar of Elyvilon.
  2138 | D:4      | Noticed Natasha
  2145 | D:4      | Killed Natasha
  2146 | D:4      | Reached XP level 7. HP: 51/52 MP: 7/7
  2153 | D:4      | Noticed Pikel
  2200 | D:4      | Killed Pikel
  2201 | D:4      | Reached XP level 8. HP: 32/61 MP: 4/8
  2234 | D:4      | Noticed Natasha
  2238 | D:4      | Killed Natasha
  2253 | D:4      | Found a stormy altar of Qazlal.
  2348 | D:4      | Noticed Natasha
  2356 | D:4      | Killed Natasha
  2604 | D:4      | Found a runed translucent door.
  2604 | D:4      | Noticed a human
  2607 | D:4      | Found a basalt altar of Yredelemnul.
  2726 | D:4      | Found Ocogipin's Jewellery Emporium.
  3043 | D:5      | Entered Level 5 of the Dungeon
  3086 | D:5      | Found a glowing drain.
  3147 | Sewer    | Entered a sewer
  3226 | Sewer    | Reached skill level 1 in Shields
  3428 | D:2      | Bought a pair of brightly glowing boots for 285 gold pieces
  3428 | D:2      | Identified the +3 pair of boots of the Pit {Str+2} (You
                  | bought it in a shop on level 2 of the Dungeon)
  3507 | D:5      | Found a shadowy altar of Dithmenos.
  3676 | D:5      | Found a snail-covered altar of Cheibriados.
  4061 | D:5      | Reached skill level 5 in Fighting
  4067 | D:5      | Reached skill level 5 in Maces & Flails
  4094 | D:5      | Reached skill level 5 in Armour
  4094 | D:5      | Reached XP level 9. HP: 64/68 MP: 9/9
  4122 | D:5      | You fall into a shaft and drop 1 floor!
  4514 | D:6      | Found Lonatenegu's Distillery.
  4517 | D:6      | Bought a potion of degeneration for 15 gold pieces
  4517 | D:6      | Bought a potion of might for 60 gold pieces
  4544 | D:6      | Found Houthi's Weapon Shoppe.
  4642 | D:6      | Reached skill level 5 in Dodging
  4731 | D:6      | Reached skill level 5 in Throwing
  4789 | D:6      | Found a staircase to the Ecumenical Temple.
  4813 | Temple   | Entered the Ecumenical Temple
  4856 | Temple   | Became a worshipper of Nemelex Xobeh the Trickster
  4905 | D:6      | Found Cizuogaj's Distillery.
  5084 | D:6      | Found Ukhashrux's Jewellery Shoppe.
  5195 | D:6      | Identified 3 scrolls of acquirement
  5195 | D:6      | Acquired 1299 gold pieces
  5248 | D:6      | Bought 2 potions of ambrosia for 240 gold pieces
  5248 | D:6      | Bought a potion of brilliance for 60 gold pieces
  5248 | D:6      | Bought a potion of flight for 45 gold pieces
  5248 | D:6      | Bought a potion of might for 60 gold pieces
  5304 | D:6      | Bought an amulet of reflection for 420 gold pieces
  5344 | D:6      | Bought 2 potions of heal wounds for 110 gold pieces
  5344 | D:6      | Bought a potion of haste for 110 gold pieces
  5344 | D:6      | Bought a potion of haste for 110 gold pieces
  5344 | D:6      | Bought a potion of haste for 110 gold pieces
  5347 | D:6      | Acquired 898 gold pieces
  5522 | D:1      | Bought a glowing scale mail for 140 gold pieces
  5588 | D:2      | Bought 2 scrolls of magic mapping for 450 gold pieces
  5588 | D:2      | Bought a scroll of enchant weapon for 225 gold pieces
  5588 | D:2      | Bought a scroll of identify for 60 gold pieces
  5590 | D:2      | Acquired 1157 gold pieces
  5638 | D:4      | Bought the ring "Igebios" {rF+ Will+ Dex+5} for 495 gold
                  | pieces
  5721 | D:7      | Reached skill level 1 in Invocations
  5806 | D:7      | Reached skill level 5 in Shields
  5842 | D:7      | Found a hazy altar of Hepliaklqana.
  6034 | D:7      | Noticed Maggie
  6061 | D:7      | Killed Maggie
  6062 | D:7      | Reached XP level 10. HP: 63/76 MP: 13/13
  6107 | D:7      | Reached skill level 5 in Invocations
  6188 | D:7      | Found a broken altar of Ashenzari.
  6313 | D:7      | Found an iron altar of Okawaru.
  6428 | D:7      | Reached * piety under Nemelex Xobeh
  6956 | D:8      | Received a gift from Nemelex Xobeh
  6991 | D:8      | Noticed Grum
  7009 | D:8      | Killed Grum
  7133 | D:8      | Found an opulent altar of Gozag.
  7367 | D:8      | Found Haiz's General Store.
  7372 | D:8      | Bought a ring of see invisible for 195 gold pieces
  7372 | D:8      | Bought a scroll of butterflies for 52 gold pieces
  7372 | D:8      | Bought a scroll of identify for 26 gold pieces
  7372 | D:8      | Bought a potion of haste for 130 gold pieces
  7379 | D:8      | Found a sacrificial altar of Ru.
  7384 | D:8      | Identified the +3 chain mail of Gluttony {rCorr Slay+3
                  | Stlth-}
  7466 | D:8      | Noticed Maurice
  7479 | D:8      | Killed Maurice
  7652 | D:9      | Reached ** piety under Nemelex Xobeh
  7944 | D:9      | Paralysed by a hornet for 3 turns
  7948 | D:9      | Reached skill level 1 in Evocations
  7975 | D:9      | Found a staircase to the Lair.
  8091 | D:9      | Noticed a two-headed ogre
  8102 | D:9      | Killed a two-headed ogre
  8103 | D:9      | Reached XP level 11. HP: 47/84 MP: 15/15
  8313 | D:9      | Found a radiant altar of Vehumet.
  8400 | D:9      | Noticed Psyche
  8406 | D:9      | Killed Psyche
  8939 | D:10     | Entered Level 10 of the Dungeon
  9303 | D:10     | Reached skill level 5 in Evocations
  9327 | D:10     | Found a staircase to the Orcish Mines.
  9330 | D:10     | Found Tihimo's Armour Emporium.
  9606 | D:10     | Found Tady's Antique Armour Boutique.
  9984 | D:11     | Annihilated by an enormous slime creature

Illustrated notes

Levels and vault maps discovered:
D:1:      amcnicky_arrival_gap_in_the_tavern_cellar, layout_loops_ring,
          serial_shops, nicolae_shop_rolling_square
D:2:      layout_basic, serial_shops, shop, uniq_crazy_yiuf_cottage
D:3:      layout_rooms, mainiacjoe_overflow_catch_the_wave, uniq_ijyb,
          uniq_sigmund
D:4:      layout_loops_ring, nicolae_qazlal_eye_of_the_storm,
          dk_yredelemnul_ordeal, mainiacjoe_overflow_paths, serial_shops, shop,
          wad_floor_pattern_untrapped, uniq_natasha, uniq_pikel
D:5:      corexii_shantytown, layout_basic, cheibriados_altar_1,
          mainiacjoe_overflow_six_doors_small, cheibrodos_sewer_entry_sluice
D:6:      layout_loops_ring, minmay_temple_entry_statues_fountains,
          serial_shops, shop, nicolae_shop_behind_doors, kennysheep_mini_moat,
          nicolae_shop_tiny_statue_garden, minmay_misc_feat_tiny
D:7:      layout_basic, nicolae_hepliaklqana_hazy_memory,
          mainiacjoe_overflow_small_starburst, ashenzari_altar_1,
          minmay_curled_crystal, supply_closet_lemuel,
          chequers_decorated_corner, uniq_maggie
D:8:      layout_basic, nicolae_gozag_seed_capital, nicolae_ru_awakened_eye,
          serial_shops, nicolae_shop_peninsula, uniq_grum, uniq_maurice
D:9:      layout_stronghold, lemuel_crystal_altar, erik_lair_island, uniq_psyche
D:10:     layout_loops_ring, orc_david_3, serial_shops, nicolae_shop_waterfront
D:11:     layout_small_grid
Temple:   hellmonk_temple_rainy

Skill      XL: |  1  2  3  4  5  6  7  8  9 10 11 |
---------------+----------------------------------+-----
Armour         | 1 2 3 4 5 6 7 |  7.0
Fighting       | 3 4 5 6 7 |  7.0
Throwing       | 3 4 5 |  5.3
Maces & Flails | 4 5 6 7 |  7.3
Dodging        | 4 5 6 |  6.5
Shields        | 3 5 |  5.0
Invocations    | 4 6 |  6.6
Evocations     | 3 5 |  5.5

Action                     |  1- 3 |  4- 6 |  7- 9 | 10-12 || total
---------------------------+-------+-------+-------+-------++-------
  Melee: Flail             |    84 |    84 |   364 |   221 ||   753
         Punch             |     1 |     3 |     1 |       ||     5
         Unarmed           |       |     4 |       |       ||     4
  Throw: Javelin           |     3 |     3 |     3 |     6 ||    15
         Throwing net      |     3 |     1 |     4 |     3 ||    11
         Boomerang         |       |       |    51 |   108 ||   159
 Invoke: Draw Destruction  |       |       |       |     1 ||     1
  Evoke: Wand              |       |       |       |     6 ||     6
    Use: Scroll            |       |     3 |    21 |     2 ||    26
         Potion            |       |       |     1 |       ||     1
   Stab: Held in net/web   |     2 |       |     1 |     2 ||     5
 Armour: Leather armour    |    20 |       |       |       ||    20
         Ring mail         |    11 |    45 |    38 |       ||    94
         Scale mail        |       |       |    87 |    39 ||   126
         Chain mail        |       |       |       |    45 ||    45
  Dodge: Dodged            |    71 |    49 |   166 |    65 ||   351
  Block: Kite shield       |       |       |   145 |   175 ||   320
         Reflection        |       |       |     1 |     7 ||     8
